 Dungeon Crawl Stone Soup version 0.19-a0-1704-gbd66c22 (webtiles) character file.

11278 kae the Martial Artist (level 11, -6/95 HPs)
             Began as a Grey Draconian Transmuter on Sept 27, 2016.
             Was an Elder of Makhleb.
             Mangled by an alligator simulacrum (12 damage)
             ... in an ice cave.
             The game lasted 00:22:31 (13461 turns).

kae the Martial Artist (Grey Draconian Transmuter) Turns: 13461, Time: 00:22:32

Health: -6/95      AC:  3    Str: 20    XL:     11   Next: 47%
Magic:  0/14       EV: 19    Int: 12    God:    Makhleb [****..]
Gold:   651        SH:  0    Dex: 20    Spells: 4 memorised, 3 levels left

rFire  x . .     SeeInvis .       - Unarmed
rCold  + . .     Gourm    .     (armour unavailable)
rNeg   . . .     Faith    .     (shield currently unavailable)
rPois  .         Spirit   +     (helmet currently unavailable)
rElec  .         Dismiss  .     (cloak currently unavailable)
rCorr  .         Reflect  .     (gloves currently unavailable)
MR     .....     Harm     .     (boots currently unavailable)
Stlth  ++........               i - amulet of guardian spirit
                                (no ring)
                                u - ring "Wysuwn" {Ice +Blink rPois Str+8 Int-2}

@: spider-form (expiring)
A: (walk through water), unfitting armour, screaming 1, wild magic 1,
(unbreathing), (cold-blooded), AC +12
a: End Transformation, Minor Destruction, Lesser Servant of Makhleb, Major
Destruction, Renounce Religion, Evoke Blink


You were in an ice cave.
You worshipped Makhleb.
Makhleb was greatly pleased with you.
You were hungry.
You were a venomous arachnid creature.
You visited 3 branches of the dungeon, and saw 13 of its levels.
You also visited: Ossuary and Ice Cave.

You collected 651 gold pieces.

Inventory:

Missiles
 a - 208 arrows
Armour
 s - a +2 cloak of invisibility (melded)
Jewellery
 i - an amulet of guardian spirit (around neck)
 u - the ring "Wysuwn" (left front leg) {Ice +Blink rPois Str+8 Int-2}
   (You acquired it on level 10 of the Dungeon)

   [ring of ice]

   It enhances your ice magic.
   It affects your strength (+8).
   It affects your intelligence (-2).
   It makes you vulnerable to fire.
   It protects you from cold.
   It protects you from poison.
   It lets you blink.
Wands
 h - a wand of paralysis (15/24)
 m - a wand of random effects (33/48)
 n - a wand of polymorph (7/24)
 t - a wand of enslavement (6/24)
 v - a wand of acid (0/15)
 D - a wand of flame (20/48)
 E - a wand of paralysis (11/24)
 H - a wand of polymorph (14/24)
 I - a wand of paralysis (11/24)
 K - a wand of acid (3/15)
Scrolls
 d - 7 scrolls of identify
 e - a scroll of enchant weapon
 k - 5 scrolls of blinking
 l - 7 scrolls of teleportation
 y - 2 scrolls of fear
 C - a scroll of magic mapping
 F - 4 scrolls of amnesia
 G - a scroll of remove curse
 J - 3 scrolls of fog {unknown}
Potions
 f - 3 potions of mutation
 g - a potion of ambrosia
 o - 2 potions of flight
 r - 4 potions of might
 w - 2 potions of cancellation
 x - 4 potions of curing
 z - 5 potions of brilliance
 A - 3 potions of haste
 L - a potion of magic
Books
 b - a book of Changes

   Spells                             Type                      Level
   a - Beastly Appendage              Transmutation                1
   b - Sticks to Snakes               Transmutation                2
   c - Spider Form                    Transmutation/Poison         3
   d - Ice Form                       Ice/Transmutation            4
   e - Blade Hands                    Transmutation                5
 B - a book of Burglary

   Spells                             Type                      Level
   a - Swiftness                      Charms/Air                   2
   b - Passwall                       Transmutation/Earth          2
   c - Passage of Golubria            Translocation                4
   d - Lee's Rapid Deconstruction     Earth                        5
   e - Darkness                       Hexes                        6
   f - Invisibility                   Hexes                        6
Comestibles
 c - 13 bread rations
 j - 2 meat rations
 p - 5 fruits
 q - 3 beef jerkies
 M - 6 chunks of flesh


   Skills:
 - Level 8.5 Fighting
 - Level 1.7 Dodging
 * Level 13.4 Unarmed Combat
 - Level 2.0 Spellcasting
 + Level 9.9 Transmutations


You had 3 spell levels left.
You knew the following spells:

 Your Spells              Type           Power        Failure   Level  Hunger
a - Beastly Appendage     Tmut           ####..       6%          1    ##.....
b - Sticks to Snakes      Tmut           ####....     8%          2    ###....
c - Spider Form           Tmut/Pois      ###.......   41%         3    ####...
d - Blade Hands           Tmut           ####......   45%         5    ######.


Dungeon Overview and Level Annotations

Branches:
Dungeon (11/15)            Temple (1/1) D:6            Lair (1/6) D:10
    Orc (0/2) D:11

Altars:
Ashenzari
Cheibriados
Dithmenos
Elyvilon
Fedhas
Gozag
Hepliaklqana
Kikubaaqudgha
Makhleb
Nemelex Xobeh
Okawaru
Qazlal
Ru
Sif Muna
Trog
Uskayaw
Vehumet
Xom
Yredelemnul
Zin
The Shining One

Annotations:
D:11 exclusion: ugly thing


Innate Abilities, Weirdness & Mutations

((You can walk through water.))
((Your dull iron-grey scales are very hard. (AC +12)))
You cannot fit into any form of body armour.
((You can survive without breathing.))
((You are cold-blooded and may be slowed by cold attacks.))
You occasionally shout uncontrollably at your foes.
Your spells are a little harder to cast, but a little more powerful.


Message History

Makhleb accepts your kill.
Unknown command.
The wolf spider simulacrum completely misses you.
The wolf spider simulacrum bites you! The wolf spider simulacrum freezes you!
You resist.
Unknown command.
You maul the wolf spider simulacrum!!
The wolf spider simulacrum is severely damaged.
The wolf spider simulacrum hits you! The wolf spider simulacrum freezes you!
You resist. The wolf spider simulacrum bites you!
The wolf spider simulacrum freezes you. You resist.
Your transformation is almost over.
The wolf spider simulacrum closely misses you.
The wolf spider simulacrum bites you. The wolf spider simulacrum freezes you!
You resist.
* * * LOW HITPOINT WARNING * * *
The alligator simulacrum bites you!!
* * * LOW HITPOINT WARNING * * *
The alligator simulacrum freezes you! You resist.
You die...

...##
#...#
##...
#...#
##...##
##.....##
#...Z...#
#...ZZ..#
##..s..##
##...##
#####


You could see an alligator simulacrum, a swamp dragon simulacrum and a wolf
spider simulacrum.

Vanquished Creatures
  The ghost of p0werm0de the Cleaver, a novice DsCK of Xom (Lair:1)
  3 hill giants
  Pikel (D:8)
  Joseph (D:7)
  Maurice (D:9)
  A centaur zombie (D:10)
  A centaur skeleton (D:11)
  A spiny frog (Lair:1)
  2 rime drakes (Lair:1)
  A komodo dragon (Lair:1)
  A merfolk (D:9)
  A two-headed ogre (D:10)
  2 hippogriffs
  A wyvern (D:10)
  Menkaure (D:6)
  2 water moccasins
  2 hell hounds (D:10)
  7 orc warriors
  A sky beast (D:5)
  2 black bears (D:9)
  A wasp (D:11)
  3 necrophages
  A phantom (D:9)
  4 ogres
  A centaur (D:11)
  A big kobold (D:9)
  9 bullfrogs
  A gnoll sergeant (D:10)
  3 water moccasin zombies (Ossuary)
  A wyvern skeleton (D:8)
  2 scorpions (D:7)
  4 howler monkeys
  12 wights
  A bullfrog zombie (D:10)
  3 crimson imps
  A jelly (D:5)
  Crazy Yiuf (D:5)
  6 hounds
  4 orc priests
  11 orc wizards
  2 bullfrog skeletons
  5 iguanas
  9 worker ants
  A wolf simulacrum (IceCv)
  A hound zombie (D:9)
  4 mummies
  2 worker ant zombies
  8 gnolls
  14 adders
  A howler monkey zombie (D:6)
  6 river rats (Lair:1)
  2 shadow imps
  4 adder zombies (Ossuary)
  A worm (D:3)
  5 dart slugs
  8 leopard geckos
  58 orcs
  4 giant cockroaches
  6 gnoll zombies (Ossuary)
  3 goblins
  8 hobgoblins
  22 jackals
  15 kobolds
  3 quokkas
  A ball python (D:4)
  6 bats
  3 frilled lizards (D:3)
  4 hobgoblin zombies (Ossuary)
  5 kobold zombies (Ossuary)
  5 orc zombies (Ossuary)
  11 rats
330 creatures vanquished.

Vanquished Creatures (others)
  A necrophage (D:8)
  3 slaves (D:8)
  A bullfrog (D:8)
  An iguana (D:8)
  2 mummies (D:8)
  A kobold zombie (Ossuary)
9 creatures vanquished.

Grand Total: 339 creatures vanquished

Notes
Turn   | Place    | Note
-------+----------+-------------------------------------------
     0 | D:1      | kae the Draconian Transmuter began the quest for the Orb.
     0 | D:1      | Reached XP level 1. HP: 16/16 MP: 3/3
   232 | D:1      | Reached XP level 2. HP: 19/23 MP: 5/5
   877 | D:2      | Reached XP level 3. HP: 22/29 MP: 6/6
  1043 | D:2      | Reached skill level 4 in Unarmed Combat
  1500 | D:2      | Reached XP level 4. HP: 36/36 MP: 7/7
  2584 | D:3      | Reached XP level 5. HP: 42/42 MP: 8/8
  2586 | D:3      | Found a shattered altar of Ashenzari.
  2931 | D:3      | Found a snail-covered altar of Cheibriados.
  3152 | D:4      | Reached skill level 5 in Unarmed Combat
  3154 | D:4      | Gained mutation: Your spells are a little harder to cast, but a little more powerful. [potion of mutation]
  3154 | D:4      | Gained mutation: You occasionally shout uncontrollably at your foes. [potion of mutation]
  4093 | D:4      | Reached XP level 6. HP: 43/51 MP: 9/9
  4391 | D:5      | Entered Level 5 of the Dungeon
  4823 | D:5      | Noticed a sky beast
  4897 | D:5      | Killed a sky beast
  4897 | D:5      | Reached skill level 6 in Unarmed Combat
  4897 | D:5      | Your scales start taking on a dull iron-grey colour.
  4897 | D:5      | Reached XP level 7. HP: 25/58 MP: 10/10
  4897 | D:5      | Gained mutation: You can survive without breathing. [Grey Draconian growth]
  5440 | D:5      | Found a runed door.
  5529 | D:5      | Noticed Crazy Yiuf
  5536 | D:5      | Killed Crazy Yiuf
  5742 | D:6      | Learned a level 2 spell: Sticks to Snakes
  5746 | D:6      | Learned a level 3 spell: Spider Form
  5760 | D:6      | Found a staircase to the Ecumenical Temple.
  5776 | Temple   | Entered the Ecumenical Temple
  5976 | Temple   | Became a worshipper of Makhleb the Destroyer
  6046 | D:6      | Reached skill level 7 in Unarmed Combat
  6148 | D:6      | Noticed Menkaure
  6154 | D:6      | Killed Menkaure
  6205 | D:6      | Reached XP level 8. HP: 44/67 MP: 9/11
  6270 | D:6      | Reached skill level 5 in Fighting
  6329 | D:6      | Reached skill level 5 in Transmutations
  6654 | D:6      | Reached skill level 8 in Unarmed Combat
  6862 | D:6      | Reached * piety under Makhleb
  7201 | D:7      | Found a hazy altar of Hepliaklqana.
  7202 | D:7      | Noticed Joseph
  7213 | D:7      | Killed Joseph
  7213 | D:7      | Reached skill level 9 in Unarmed Combat
  7213 | D:7      | Reached XP level 9. HP: 75/75 MP: 10/12
  7678 | D:7      | Found a sand-covered staircase.
  7885 | Ossuary  | Entered an ossuary
  7916 | Ossuary  | Reached ** piety under Makhleb
  8310 | D:8      | Reached skill level 10 in Unarmed Combat
  8512 | D:8      | Noticed Pikel
  8536 | D:8      | Killed Pikel
  8980 | D:8      | Reached XP level 10. HP: 85/88 MP: 13/13
  8987 | D:8      | Reached *** piety under Makhleb
  9182 | D:9      | Reached skill level 11 in Unarmed Combat
  9427 | D:9      | Noticed Maurice
  9549 | D:9      | Reached **** piety under Makhleb
  9729 | D:9      | Killed Maurice
 10589 | D:10     | Entered Level 10 of the Dungeon
 10727 | D:10     | Learned a level 5 spell: Blade Hands
 10730 | D:10     | Found a staircase to the Lair.
 11068 | D:10     | Noticed a hill giant
 11119 | D:10     | Killed a hill giant
 11119 | D:10     | Reached skill level 12 in Unarmed Combat
 11165 | D:10     | HP: 2/90 [two-headed ogre/giant club (12)]
 11929 | D:11     | Noticed a five-headed hydra
 12053 | D:11     | Found a staircase to the Orcish Mines.
 12296 | D:11     | Noticed a hill giant
 12316 | D:11     | Killed a hill giant
 12316 | D:11     | Reached XP level 11. HP: 94/95 MP: 6/14
 12444 | D:11     | Noticed a hill giant
 12456 | D:11     | Killed a hill giant
 12524 | D:11     | Noticed a purple ugly thing
 12966 | Lair:1   | Entered Level 1 of the Lair of Beasts
 12969 | Lair:1   | Noticed p0werm0de's ghost (novice DsCK)
 13040 | D:10     | Identified a scroll of acquirement
 13041 | D:10     | Got a serpentine lapis lazuli ring
 13042 | D:10     | Identified the ring "Wysuwn" {Ice +Blink rPois Str+8 Int-2} (You acquired it on level 10 of the Dungeon)
 13052 | Lair:1   | Killed p0werm0de's ghost
 13052 | Lair:1   | Reached skill level 13 in Unarmed Combat
 13365 | Lair:1   | Found a frozen archway.
 13453 | IceCv    | Entered an ice cave
 13461 | IceCv    | Mangled by an alligator simulacrum

Vault maps used:
D:1:      dpeg_arrival_round_c, hangedman_feature_mirror,
          minmay_stone_trees_medium
D:2:      minmay_door_path, nrook_loot_triangle, kennysheep_generic_room_12
D:3:      cheibrodos_ashenzari_chains, lemuel_coloured_pillars_altar,
          minivault_24
D:5:      first_bread, uniq_crazy_yiuf_cottage
D:6:      uniq_menkaure
D:7:      kennysheep_little_box, chequers_ossuary_entry_cave, uniq_joseph
D:8:      special_room, serial_undead, serial_undead_b, serial_undead_a,
          serial_undead_e, serial_undead_e, serial_undead_e, uniq_pikel
D:9:      hangedman_fish_farm, uniq_maurice
D:10:     minmay_lair_entry_lava
D:11:     orc_0_dummy
Temple:   dpeg_five_rooms_temple
Lair:1:   portal_ice_cave_rime, minivault_11
Ossuary:  ossuary_tomb_2
IceCv:    ice_cave_small_necro

Skill      XL: |  1  2  3  4  5  6  7  8  9 10 11 |
---------------+----------------------------------+-----
Unarmed Combat | 4 5 6 7 9 10 12 13 | 13.4
Fighting       | 2 3 4 6 7 8 |  8.5
Transmutations | 3 4 6 7 9 |  9.9
Dodging        | |  1.7
Spellcasting   | |  2.0

Action                   |  1- 3 |  4- 6 |  7- 9 | 10-12 || total
-------------------------+-------+-------+-------+-------++-------
Melee: Unarmed           |   153 |   305 |   490 |   520 ||  1468
       Headbutt          |     1 |    14 |    27 |    11 ||    53
       Punch             |     1 |     6 |    20 |    15 ||    42
       Tailslap          |    12 |    31 |    72 |    53 ||   168
       Kick              |     1 |    16 |    24 |    20 ||    61
 Cast: Beastly Appendage |     2 |    13 |    18 |    13 ||    46
       Spider Form       |       |       |       |    11 ||    11
  Use: Scroll            |       |     9 |     1 |    11 ||    21
       Potion            |       |     5 |     3 |     2 ||    10
 Stab: Sleeping          |     2 |     2 |     3 |     1 ||     8
       Invisible         |       |       |     1 |       ||     1
       Distracted        |       |       |     1 |       ||     1
  Eat: Chunk             |     2 |    11 |    15 |    14 ||    42
       Fruit             |       |       |       |     4 ||     4
Armor: Skin              |    66 |    73 |   167 |   163 ||   469
Dodge: Dodged            |   141 |   139 |   216 |   271 ||   767
